 Dungeon Crawl Stone Soup version 0.28-a0-1202-g1e6f1b2279 (webtiles) character file.

Game seed: 14976259390274225978

18 MordorOrchid the Covert (level 2, -2/29 HPs)
             Began as a Gnoll Delver on Dec 20, 2021.
             Was an Initiate of Okawaru.
             Slain by a worm (9 damage)
             ... on level 4 of the Dungeon.
             The game lasted 00:02:33 (340 turns).

MordorOrchid the Covert (Gnoll Delver)               Turns: 340, Time: 00:02:34

Health: -2/29      AC:  4    Str: 11    XL:     2   Next: 66%
Magic:  2/2        EV: 13    Int:  9    God:    Okawaru [......]
Gold:   21         SH:  0    Dex: 13    Spells: 2/2 levels left

rFire   . . .      SeeInvis .   a - +0 falchion
rCold   . . .      Faith    .   (no shield)
rNeg    . . .      Spirit   .   b - +0 leather armour
rPois   .          Reflect  .   m - +0 helmet
rElec   .          Harm     .   (no cloak)
rCorr   .          Rampage  .   (no gloves)
Will    .....                   (no boots)
Stlth   ++++......              (no amulet)
HPRegen 0.09/turn               (no ring)
MPRegen 0.08/turn               (no ring)

@: no status effects
A: fangs 1, strong nose, distributed training
a: Renounce Religion


You were on level 4 of the Dungeon.
You worshipped Okawaru.
Okawaru was noncommittal.
You visited 1 branch of the dungeon, and saw 2 of its levels.

You collected 21 gold pieces.

Inventory:

Hand Weapons
 a - a +0 falchion (weapon)
Missiles
 h - 9 stones (quivered)
 l - 15 sling bullets
Armour
 b - a +0 leather armour (worn)
 m - a +0 helmet (worn)
Wands
 g - a wand of digging (3)
Scrolls
 c - a scroll of fog
 d - a scroll of magic mapping
 e - a scroll of fear
 i - 2 scrolls of identify {unknown}
 j - a scroll of teleportation {unknown}
 k - a scroll of amnesia {unknown}
Potions
 f - a potion of haste


   Skills:
 + Level 6.5 Fighting
 + Level 0.5 Short Blades
 + Level 4.5 Long Blades
 + Level 0.5 Axes
 + Level 0.5 Maces & Flails
 + Level 0.5 Polearms
 + Level 0.5 Staves
 + Level 0.5 Slings
 + Level 0.5 Bows
 + Level 0.5 Crossbows
 + Level 0.5 Throwing
 + Level 0.5 Armour
 + Level 4.5 Dodging
 + Level 9.5 Stealth
 + Level 0.5 Shields
 + Level 0.5 Unarmed Combat
 + Level 0.5 Spellcasting
 + Level 0.3 Conjurations
 + Level 0.3 Hexes
 + Level 0.3 Summonings
 + Level 0.3 Necromancy
 + Level 0.3 Translocations
 + Level 0.3 Transmutations
 + Level 0.3 Fire Magic
 + Level 0.3 Ice Magic
 + Level 0.3 Air Magic
 + Level 0.3 Earth Magic
 + Level 0.3 Poison Magic
 + Level 0.6 Invocations
 + Level 0.5 Evocations


You had 2 spell levels left.
You didn't know any spells.
Your spell library was empty.

Dungeon Overview and Level Annotations

Branches:
Dungeon (5/15)
 Temple: D:4-7

Altars:
Okawaru

Annotations:
D:4 Menkaure


Innate Abilities, Weirdness & Mutations

You have very sharp teeth.
Your uncanny sense of smell can sniff out nearby items.
Your experience applies equally to all skills.


Message History

Throw: 13 stones
Press: ? - help, Q - select action Shift-Dir - straight line, f/p - worm
Aim: a worm (lightly wounded, 79% to hit)
You throw a stone. The stone hits the worm.
The worm is moderately wounded.
There is an open door here.
Throw: 12 stones
Press: ? - help, Q - select action Shift-Dir - straight line, f/p - worm
Aim: a worm (79% to hit)
You throw a stone. The stone barely misses the worm.
Throw: 11 stones
Press: ? - help, Q - select action Shift-Dir - straight line, f/p - worm
Aim: a worm (79% to hit)
You throw a stone.
The stone hits the worm but does no damage.
Throw: 10 stones
Press: ? - help, Q - select action Shift-Dir - straight line, f/p - worm
Aim: a worm (79% to hit)
You throw a stone. The stone completely misses the worm.
You hit the worm. Your bite misses the worm.
The worm is lightly wounded.
You hit the worm.
The worm is moderately wounded.
The worm misses you.
You barely miss the worm.
The worm is lightly wounded.
The worm bites you.
* * * LOW HITPOINT WARNING * * *
You slash the worm! You bite the worm, but do no damage.
The worm is heavily wounded.
You barely miss the worm.
The worm is heavily wounded.
The worm completely misses you.
You barely miss the worm.
The worm is heavily wounded.
The worm misses you.
You completely miss the worm.
The worm is heavily wounded.
The worm bites you!
You die...

..... #.##...#
.......######..#...#
...................#
..................##
..................#
..................#
#...#...........#
#.##...######.....#
#....(.'...w@....>#
.......######...###
.....(. #.###
.......######.#
...(..........#
.(....#.......# ∆
......#.......#
(.....#.......#
#......$#


You could see a worm.

Vanquished Creatures
  A hound skeleton (D:4)
  A dart slug (D:5)
  A hobgoblin (D:4)
  A ball python (D:4)
  A kobold (D:4)
5 creatures vanquished.

Notes
Turn   | Place    | Note
-------+----------+-------------------------------------------
     0 | D:5      | Reached skill level 9 in Stealth
     0 | D:5      | MordorOrchid the Gnoll Delver began the quest for the Orb.
     0 | D:5      | Reached XP level 1. HP: 23/23 MP: 1/1
     4 | D:5      | Found an iron altar of Okawaru.
    11 | D:5      | Noticed a phantom
    12 | D:5      | Became a worshipper of Warmaster Okawaru
    30 | D:5      | Noticed a gnoll shaman
   130 | D:5      | Noticed a centaur
   243 | D:4      | Noticed Menkaure
   260 | D:4      | Noticed a hound
   271 | D:4      | Noticed a jelly
   287 | D:4      | Reached XP level 2. HP: 18/29 MP: 2/2
   340 | D:4      | Slain by a worm

Illustrated notes

Levels and vault maps discovered:
D:4:      layout_basic, portal_sewer_entry_d, uniq_crazy_yiuf_cottage,
          uniq_menkaure
D:5:      layout_loops_corners, mainiacjoe_overflow_boulevard,
          mainiacjoe_overflow_divided_tiny, chequers_serial_rivers_room_b,
          minmay_misc_feat_iff, uniq_pikel

Skill      XL: | |
---------------+-+-----
Stealth        | |  9.5
Fighting       | |  6.5
Short Blades   | |  0.5
Long Blades    | |  4.5
Axes           | |  0.5
Maces & Flails | |  0.5
Polearms       | |  0.5
Staves         | |  0.5
Slings         | |  0.5
Bows           | |  0.5
Crossbows      | |  0.5
Throwing       | |  0.5
Armour         | |  0.5
Dodging        | |  4.5
Shields        | |  0.5
Unarmed Combat | |  0.5
Spellcasting   | |  0.5
Conjurations   | |  0.3
Hexes          | |  0.3
Summonings     | |  0.3
Necromancy     | |  0.3
Translocations | |  0.3
Transmutations | |  0.3
Fire Magic     | |  0.3
Ice Magic      | |  0.3
Air Magic      | |  0.3
Earth Magic    | |  0.3
Poison Magic   | |  0.3
Invocations    | |  0.6
Evocations     | |  0.5

Action                   || total
-------------------------++-------
Melee: Falchion          ||    33
       Bite              ||     2
Throw: Stone             ||    11
 Stab: Sleeping          ||     1
Armor: Leather armour    ||     5
Dodge: Dodged            ||    22

Table legend: (Time is in decaauts)
 A = Elapsed time spent in this place.
 B = Non-inter-level travel time spent in this place.
 C = Inter-level travel time spent in this place.
 D = Time resting spent in this place.
 E = Time spent auto-exploring this place.
 F = Levels seen in this place.
 G = Mean time per level.
                   A        B        C        D        E       F      G
               +--------+--------+--------+--------+--------+-----+--------+
         Total |    345 |    345 |      0 |      0 |      0 |   2 |  172.5 |
       Dungeon |    345 |    345 |      0 |      0 |      0 |   2 |  172.5 |
               +--------+--------+--------+--------+--------+-----+--------+

Top non-repeatable levels by time:
     D:5: 212 daAuts
     D:4: 132 daAuts
